 Dungeon Crawl Stone Soup version 0.22-a0-456-g11ed031617 (webtiles) character file.

439 Banto the Sneak (level 7, -1/41 HPs)
             Began as an Octopode Earth Elementalist on June 6, 2018.
             Slain by Blork the orc
             ... wielding a +0 halberd
              (9 damage)
             ... on level 4 of the Dungeon.
             The game lasted 00:03:48 (2696 turns).

Banto the Sneak (Octopode Earth Elementalist)       Turns: 2696, Time: 00:03:49

Health: -1/41      AC:  1    Str:  9    XL:     7   Next: 1%
Magic:  6/10       EV: 13    Int: 20    God:
Gold:   131        SH:  0    Dex: 12    Spells: 4/10 levels left

rFire    . . .     SeeInvis .   g - +0 dagger
rCold    . . .     Gourm    .   (no shield)
rNeg     . . .     Faith    .   (helmet restricted)
rPois    .         Spirit   .   (no amulet)
rElec    .         Reflect  .   e - ring of loudness (curse)
rCorr    .         Harm     .   a - +2 ring of strength
MR       .....                  (no ring)
Stlth    ++++......             (no ring)
HPRegen  0.13/turn              (no ring)
MPRegen  0.12/turn              (no ring)
                                (no ring)
                                (no ring)

@: very slightly contaminated
A: almost no armour, stealthy swim, amphibious, 8 rings, constrict 8, camouflage
1, gelatinous body 1
a: no special abilities


You were on level 4 of the Dungeon.
You were not hungry.

You visited 1 branch of the dungeon, and saw 4 of its levels.

You collected 131 gold pieces.

Inventory:

Hand Weapons
 g - a +0 dagger (weapon)
Missiles
 b - 117 stones (quivered)
Jewellery
 a - a +2 ring of strength (right tentacle)
 e - a cursed ring of loudness (left tentacle)
Scrolls
 h - 8 scrolls of remove curse
Potions
 d - a potion of brilliance {unknown}
 f - a potion of might
 i - a potion of curing
Comestibles
 c - 7 rations


   Skills:
 - Level 2.0 Dodging
 + Level 7.6 Stealth
 - Level 2.0 Spellcasting
 - Level 1.0 Transmutations
 + Level 5.7 Earth Magic


You had 4 spell levels left.
You knew the following spells:

 Your Spells              Type           Power        Failure   Level  Hunger
a - Sandblast             Erth           ####..       1%          1    #......
b - Passwall              Tmut/Erth      ###.....     6%          2    ##.....
c - Stone Arrow           Conj/Erth      ##....       14%         3    ###....

Your spell library contained the following spells:

 Spells                   Type           Power        Failure   Level  Hunger
 Lee's Rapid Deconstruct  Erth           ####......   38%         5    ######.
 Petrify                  Tmut/Erth      ###.....     36%         4    #####..


Dungeon Overview and Level Annotations

Branches:
Dungeon (4/15)
 Temple: D:4-7

Altars:
Yredelemnul

Annotations:
D:4 Blork the orc


Innate Abilities, Weirdness & Mutations

You cannot wear most types of armour.
You are very stealthy in the water. (Stealth+)
You are amphibious.
You can wear up to eight rings at the same time.
You can use your tentacles to constrict eight enemies at once.
Your skin changes colour to match your surroundings (Stealth+).
Your rubbery body absorbs attacks. (AC +1, EV +1)


Message History

Aiming: Sandblast (safe; 1% risk of failure)
Press: ? - help, Shift-Dir - straight line, f/p - orc
Aim: an orc, wielding a flail and wearing a ring mail (lightly wounded, constricted by you)
The blast of sand hits the orc.
The orc is lightly wounded.
b - 118 stones You constrict the orc, but do no damage.
The orc closely misses you. Something hits you!
* * * LOW HITPOINT WARNING * * *
You take 13 damage, and have 8/41 hp.
MASSIVE DAMAGE!!
You now have 7/10 mp.
Casting: Sandblast (safe; 1% risk of failure)
Confirm with . or Enter, or press ? or * to list all spells.
Aiming: Sandblast (safe; 1% risk of failure)
Press: ? - help, Shift-Dir - straight line, f/p - orc
Aim: an orc, wielding a flail and wearing a ring mail (lightly wounded, constricted by you)
The blast of sand hits the orc.
You kill the orc!
b - 117 stones Something hits you!
You die...

#.##.###..# #..
#.##.###..# #$# # #.
#.##.##...# #.# .###<
#.##.##..#####.# #.#.
#.##...........# #o.#
#)#####..####..###..###.##
#.# #..####..##).......#
#.# #........##{..##...
#.# #...###..@)........#
#.#####...# #####...##.#.#
#....S....#######......#
#######.....[........#.#
########†#.........
########..........#.
..............##.##
########...#......
##.###.##.


There were no monsters in sight!

Vanquished Creatures
  Grinder (D:4)
  An orc priest (D:4)
  2 bullfrog skeletons
  An orc wizard (D:4)
  6 adders
  A worm (D:4)
  3 dart slugs (D:1)
  2 leopard geckos (D:1)
  4 orcs (D:4)
  2 ball pythons (D:3)
  8 bats
  5 giant cockroaches
  6 goblins
  5 hobgoblins
  3 jackals (D:1)
  7 kobolds
  2 frilled lizards
  7 rats
66 creatures vanquished.

Notes
Turn   | Place    | Note
-------+----------+-------------------------------------------
     0 | D:1      | Banto the Octopode Earth Elementalist began the quest for the Orb.
     0 | D:1      | Reached XP level 1. HP: 11/11 MP: 3/3
    38 | D:1      | Reached skill level 3 in Stealth
   166 | D:1      | Reached XP level 2. HP: 12/17 MP: 5/5
   429 | D:1      | Reached skill level 4 in Stealth
   429 | D:1      | Reached XP level 3. HP: 11/21 MP: 6/6
   436 | D:1      | Learned a level 2 spell: Passwall
   440 | D:1      | Learned a level 3 spell: Stone Arrow
   953 | D:2      | Reached XP level 4. HP: 26/27 MP: 2/7
  1521 | D:3      | Reached skill level 5 in Stealth
  1649 | D:3      | Found a basalt altar of Yredelemnul.
  1897 | D:3      | Found a faded altar of an unknown god.
  1943 | D:3      | Reached XP level 5. HP: 27/31 MP: 6/8
  2196 | D:4      | Noticed Blork the orc
  2260 | D:4      | Reached skill level 6 in Stealth
  2522 | D:4      | Noticed Grinder
  2535 | D:4      | Reached skill level 5 in Earth Magic
  2535 | D:4      | Reached XP level 6. HP: 17/36 MP: 5/9
  2561 | D:4      | Killed Grinder
  2561 | D:4      | Reached skill level 7 in Stealth
  2561 | D:4      | Reached XP level 7. HP: 30/41 MP: 1/10
  2653 | D:4      | Found Nixasouk's General Store.
  2696 | D:4      | Slain by Blork the orc

Vault maps used:
D:1:      lemuel_arrival_rhombus
D:3:      lemuel_coloured_pillars_altar, chequers_ecumenical_altar_grove
D:4:      minmay_temple_entry_trees, first_ration, serial_shops, shop_fountains,
          shop, shop, feat_on_display, uniq_blork_the_orc, uniq_grinder

Skill      XL: |  1  2  3  4  5  6 |
---------------+-------------------+-----
Stealth        | 3 4 5 6 7 |  7.6
Earth Magic    | 4 5 |  5.7
Dodging        | |  2.0
Spellcasting   | |  2.0
Transmutations | |  1.0

Action                   |  1- 3 |  4- 6 |  7- 9 || total
-------------------------+-------+-------+-------++-------
Melee: Unarmed           |    21 |       |       ||    21
       Constrict         |    12 |    20 |     2 ||    34
       Dagger            |    24 |    72 |     2 ||    98
       Tentacles         |     5 |     6 |       ||    11
 Cast: Sandblast         |    15 |    22 |     5 ||    42
       Passwall          |     1 |     1 |       ||     2
  Use: Scroll            |     3 |     5 |       ||     8
       Potion            |       |     1 |       ||     1
 Stab: Sleeping          |     9 |     7 |       ||    16
  Eat: Chunk             |       |     6 |       ||     6
Armor: Skin              |     5 |    10 |       ||    15
Dodge: Dodged            |    36 |    63 |     3 ||   102

Table legend:
 A = Spawn XP
 B = Non-spawn XP
 C = Spawn XP percentage of total XP
 D = Spawn monster count
 E = Non-spawn monster count
 F = Spawn count percentage of total count
 G = Total turns spent on level
                    A         B        C        D         E        F      G
               +---------+---------+-------+---------+---------+-------+---------
         Total |       0 |     628 |   0.0 |       0 |      66 |   0.0 |  2696
               +---------+---------+-------+---------+---------+-------+---------
           D:1 |       0 |      44 |   0.0 |       0 |      21 |   0.0 |   705
           D:2 |       0 |      68 |   0.0 |       0 |      14 |   0.0 |   738
           D:3 |       0 |      82 |   0.0 |       0 |      20 |   0.0 |   790
           D:4 |       0 |     434 |   0.0 |       0 |      11 |   0.0 |   463
               +---------+---------+-------+---------+---------+-------+---------

Table legend:
 A = Turns spent in this place as a percentage of turns spent in the entire game.
 B = Non-inter-level travel turns spent in this place as a percentage of non-inter-level travel turns spent in the entire game.
 C = Inter-level travel turns spent in this place as a percentage of turns spent in this place.
 D = Turns resting spent in this place as a percentage of non-inter-level travel turns spent in this place.
 E = Turns spent auto-exploring this place as a percentage of non-inter-level travel turns spent in this place.
 F = Non-inter-level travel turns spent in this place divided by the number of levels of this place that you've seen.
                   A       B       C       D       E      F
               +-------+-------+-------+-------+-------+----------------------
         Total | 100.0 | 100.0 |   3.6 |  30.7 |  45.5 | 650.0
       Dungeon | 100.0 | 100.0 |   3.6 |  30.7 |  45.5 | 650.0
               +-------+-------+-------+-------+-------+----------------------

Table legend:
 A = Kills in this place as a percentage of kills in entire the game.
 B = Kills by you in this place as a percentage of kills by you in the entire game.
 C = Kills by friends in this place as a percentage of kills by friends in the entire game.
 D = Other kills in this place as a percentage of other kills in the entire game.
 E = Experience gained in this place as a percentage of experience gained in the entire game.
 F = Experience gained in this place divided by the number of levels of this place that you have seen.
                   A       B       C       D       E      F
               +-------+-------+-------+-------+-------+----------------------
         Total | 100.0 | 100.0 |   N/A |   N/A | 100.0 | 157.0
       Dungeon | 100.0 | 100.0 |   N/A |   N/A | 100.0 | 157.0
               +-------+-------+-------+-------+-------+----------------------
